TOP OF THE 1ST |
Seattle Mariners batting - Pitching for Baltimore Orioles : LHP Danny Duffy
|
Pitching: LHP Danny Duffy
|
|
Batting: LHB Ben Revere
|
0-0: Swinging Strike 0-1: Ball 1-1: Swinging Strike 1-2: Strikes out swinging
|
Batting: LHB Brandon Nimmo
|
0-0: Ball 1-0: Ball 2-0: Bunt for hit to 2R - play at first, batter OUT! 2-3
|
Batting: RHB Manny Machado
|
0-0: Called Strike 0-1: Swinging Strike 0-2: Strikes out swinging
|
Top of the 1st over - 0 runs, 0 hits, 0 errors, 0 left on base; Seattle 0 - Baltimore 0 |
BOTTOM OF THE 1ST |
Baltimore Orioles batting - Pitching for Seattle Mariners : LHP Clayton Kershaw
|
Pitching: LHP Clayton Kershaw
|
|
Batting: RHB Andrew McCutchen
|
0-0: Ball 1-0: Called Strike 1-1: Ball 2-1: Swinging Strike 2-2: Strikes out swinging
|
Batting: RHB Albert Almora
|
0-0: Ground out U3 (Groundball, 34, EV 86.9 MPH)
|
Batting: LHB Joey Votto
|
0-0: Called Strike 0-1: Ball 1-1: Ball 2-1: Foul Ball, location: 2F 2-2: Ball 3-2: Foul Ball, location: 2F 3-2: SINGLE (Flyball, 78S, EV 88.1 MPH)
|
Batting: RHB Maikel Franco
|
0-0: Ball 1-0: Foul Ball, location: 2F 1-1: Ground out 1-3 (Groundball, P, EV 84.4 MPH)
|
Bottom of the 1st over - 0 runs, 1 hit, 0 errors, 1 left on base; Seattle 0 - Baltimore 0 |
TOP OF THE 2ND |
Seattle Mariners batting - Pitching for Baltimore Orioles : LHP Danny Duffy
|
Batting: RHB Brian Dozier
|
0-0: Ball 1-0: Called Strike 1-1: Ball 2-1: Fly out, F8 (Line Drive, 8LD, EV 84.4 MPH)
|
Batting: RHB Willians Astudillo
|
0-0: Ball 1-0: Called Strike 1-1: Swinging Strike 1-2: Ball 2-2: Ground out 1-3 (Groundball, 13, EV 89.4 MPH)
|
Batting: RHB Matt Kemp
|
0-0: Ball 1-0: SOLO HOME RUN (Flyball, 7LD, EV 94.4 MPH), Distance : 352 ft
|
Batting: LHB Rowdy Tellez
|
0-0: Ball 1-0: Fly out, F9 (Flyball, 9S, EV 78.8 MPH)
|
Top of the 2nd over - 1 run, 1 hit, 0 errors, 0 left on base; Seattle 1 - Baltimore 0 |
BOTTOM OF THE 2ND |
Baltimore Orioles batting - Pitching for Seattle Mariners : LHP Clayton Kershaw
|
Batting: SHB Asdrubal Cabrera
|
0-0: Ball 1-0: Ball 2-0: Ball 3-0: Called Strike 3-1: Foul Ball, location: 2F 3-2: SINGLE (Flyball, 9S, EV 95.0 MPH)
|
Batting: LHB Daniel Murphy
|
0-0: Called Strike 0-1: Called Strike 0-2: Ball 1-2: Ball 2-2: Strikes out swinging
|
Batting: RHB Matt Duffy
|
0-0: Called Strike 0-1: Grounds into double play, 4-6-3 (Groundball, 4S, EV 93.1 MPH)
|
Bottom of the 2nd over - 0 runs, 1 hit, 0 errors, 0 left on base; Seattle 1 - Baltimore 0 |
TOP OF THE 3RD |
Seattle Mariners batting - Pitching for Baltimore Orioles : LHP Danny Duffy
|
Batting: SHB Anthony Santander
|
0-0: Ball 1-0: Called Strike 1-1: Foul Ball, location: 2F 1-2: Strikes out swinging
|
Batting: RHB Jordy Mercer
|
0-0: Ball 1-0: Called Strike 1-1: Called Strike 1-2: Reached on error, E1 (Groundball, 23, EV 78.8 MPH)
|
Batting: LHB Ben Revere
|
0-0: Swinging Strike 0-1: Foul Ball, location: 2F 0-2: Fly out, F2 (Popup, 2LF, EV 89.4 MPH)
|
Batting: LHB Brandon Nimmo
|
0-0: Foul Ball, location: 2F 0-1: Ground out 4-3 (Groundball, 4, EV 82.5 MPH)
|
Top of the 3rd over - 0 runs, 0 hits, 1 error, 1 left on base; Seattle 1 - Baltimore 0 |
BOTTOM OF THE 3RD |
Baltimore Orioles batting - Pitching for Seattle Mariners : LHP Clayton Kershaw
|
Batting: RHB Rene Rivera
|
0-0: Called Strike 0-1: Swinging Strike 0-2: Ball 1-2: Foul Ball, location: 2F 1-2: Strikes out looking
|
Batting: LHB Nomar Mazara
|
0-0: Ball 1-0: Swinging Strike 1-1: Ball 2-1: Swinging Strike 2-2: Strikes out swinging
|
Batting: RHB Andrew McCutchen
|
0-0: Ball 1-0: Ball 2-0: Called Strike 2-1: Foul Ball, location: 2F 2-2: Strikes out swinging
|
Bottom of the 3rd over - 0 runs, 0 hits, 0 errors, 0 left on base; Seattle 1 - Baltimore 0 |
TOP OF THE 4TH |
Seattle Mariners batting - Pitching for Baltimore Orioles : LHP Danny Duffy
|
Batting: RHB Manny Machado
|
0-0: Ball 1-0: Ball 2-0: SOLO HOME RUN (Flyball, 7D, EV 112.5 MPH), Distance : 365 ft
|
Batting: RHB Brian Dozier
|
0-0: Ball 1-0: Foul Ball, location: 2F 1-1: Foul Ball, location: 2F 1-2: Ball 2-2: Foul Ball, location: 2F 2-2: Foul Ball, location: 2F 2-2: Ball 3-2: Base on Balls
|
Batting: RHB Willians Astudillo
|
0-0: Ball 1-0: Foul Ball, location: 2F 1-1: Ball 2-1: Foul Ball, location: 2F 2-2: Foul Ball, location: 2F 2-2: Hit by Pitch Brian Dozier to second
|
Batting: RHB Matt Kemp
|
0-0: Called Strike 0-1: Ball 1-1: Called Strike 1-2: Fielders Choice at 2nd, 6-4 (Groundball, 6S, EV 84.4 MPH) Brian Dozier to third
|
Batting: LHB Rowdy Tellez
|
0-0: Called Strike 0-1: Ball Matt Kemp is caught stealing 2nd base 2-6 1-1: Called Strike 1-2: Strikes out swinging
|
Top of the 4th over - 1 run, 1 hit, 0 errors, 1 left on base; Seattle 2 - Baltimore 0 |
BOTTOM OF THE 4TH |
Baltimore Orioles batting - Pitching for Seattle Mariners : LHP Clayton Kershaw
|
Batting: RHB Albert Almora
|
0-0: Ball 1-0: Foul Ball, location: 2F 1-1: Foul Ball, location: 2F 1-2: Foul Ball, location: 2F 1-2: Foul Ball, location: 2F 1-2: Ball 2-2: Foul Ball, location: 2F 2-2: Ball 3-2: Base on Balls
|
Batting: LHB Joey Votto
|
0-0: Ball 1-0: Swinging Strike 1-1: Swinging Strike 1-2: Ball 2-2: Fly out, F7 (Line Drive, 78M, EV 105.0 MPH)
|
Batting: RHB Maikel Franco
|
0-0: DOUBLE (Flyball, 8LXD, EV 94.4 MPH) Albert Almora to third
|
Batting: SHB Asdrubal Cabrera
|
0-0: Ball 1-0: Foul Ball, location: 2F 1-1: Foul Ball, location: 2F 1-2: Ground out 5-3 (Groundball, 5L, EV 87.5 MPH)
|
Batting: LHB Daniel Murphy
|
0-0: Called Strike 0-1: Ground out U3 (Groundball, 3, EV 90.0 MPH)
|
Bottom of the 4th over - 0 runs, 1 hit, 0 errors, 2 left on base; Seattle 2 - Baltimore 0 |
TOP OF THE 5TH |
Seattle Mariners batting - Pitching for Baltimore Orioles : LHP Danny Duffy
|
Batting: SHB Anthony Santander
|
0-0: Swinging Strike 0-1: Ball 1-1: Called Strike 1-2: Fly out, F9 (Flyball, 89M, EV 80.0 MPH)
|
Batting: RHB Jordy Mercer
|
0-0: Called Strike 0-1: Foul Ball, location: 2F 0-2: Strikes out swinging
|
Batting: LHB Ben Revere
|
0-0: Ball 1-0: Ball 2-0: Foul Ball, location: 2F 2-1: Fly out, F7 (Flyball, 7S, EV 78.8 MPH)
|
Top of the 5th over - 0 runs, 0 hits, 0 errors, 0 left on base; Seattle 2 - Baltimore 0 |
BOTTOM OF THE 5TH |
Baltimore Orioles batting - Pitching for Seattle Mariners : LHP Clayton Kershaw
|
Batting: RHB Matt Duffy
|
0-0: Swinging Strike 0-1: Called Strike 0-2: Ball 1-2: Ball 2-2: Ball 3-2: Foul Ball, location: 2F 3-2: Fly out, F7 (Flyball, 78M, EV 89.4 MPH)
|
Batting: RHB Rene Rivera
|
0-0: Called Strike 0-1: Foul Ball, location: 2F 0-2: Ball 1-2: SINGLE (Line Drive, 3D, EV 98.1 MPH)
|
Batting: LHB Nomar Mazara
|
0-0: Ball 1-0: Ball 2-0: Called Strike 2-1: Called Strike 2-2: Fly out, F8 (Line Drive, 8RM, EV 88.1 MPH)
|
Batting: RHB Andrew McCutchen
|
0-0: Swinging Strike 0-1: Swinging Strike 0-2: Ball 1-2: Strikes out swinging
|
Bottom of the 5th over - 0 runs, 1 hit, 0 errors, 1 left on base; Seattle 2 - Baltimore 0 |
TOP OF THE 6TH |
Seattle Mariners batting - Pitching for Baltimore Orioles : LHP Danny Duffy
|
Batting: LHB Brandon Nimmo
|
0-0: Called Strike 0-1: Swinging Strike 0-2: Strikes out swinging
|
Batting: RHB Manny Machado
|
0-0: Ball 1-0: Ball 2-0: Foul Ball, location: 2F 2-1: SINGLE (Groundball, 4, EV 108.1 MPH) (infield hit)
|
Batting: RHB Brian Dozier
|
0-0: Called Strike 0-1: Grounds into double play, 5-4-3 (Groundball, 5, EV 86.3 MPH)
|
Top of the 6th over - 0 runs, 1 hit, 0 errors, 0 left on base; Seattle 2 - Baltimore 0 |
BOTTOM OF THE 6TH |
Baltimore Orioles batting - Pitching for Seattle Mariners : LHP Clayton Kershaw
|
Batting: RHB Albert Almora
|
0-0: SINGLE (Groundball, 56D, EV 104.4 MPH)
|
Batting: LHB Joey Votto
|
0-0: Ball 1-0: Swinging Strike 1-1: Ball 2-1: Swinging Strike 2-2: Foul Ball, location: 2F 2-2: Strikes out looking
|
Batting: RHB Maikel Franco
|
0-0: SINGLE (Groundball, 56D, EV 100.0 MPH) Albert Almora to second
|
Batting: SHB Asdrubal Cabrera
|
0-0: SINGLE (Line Drive, 9LM, EV 104.4 MPH) Albert Almora to third Maikel Franco to second Runner from 3rd tries for Home, SAFE, throw by RF to home
|
Batting: LHB Daniel Murphy
|
0-0: Called Strike 0-1: Ball 1-1: Ball 2-1: 3-RUN HOME RUN (Flyball, 9LD, EV 96.3 MPH), Distance : 355 ft
|
Batting: RHB Matt Duffy
|
0-0: Ground out 5-3 (Groundball, 56, EV 90.0 MPH)
|
Batting: RHB Rene Rivera
|
0-0: Ball 1-0: Called Strike 1-1: SINGLE (Groundball, 56D, EV 102.5 MPH)
|
Batting: LHB Nomar Mazara
|
0-0: Foul Ball, location: 2F 0-1: Swinging Strike 0-2: Ball 1-2: Ball 2-2: SINGLE (Groundball, 13S, EV 69.4 MPH) (infield hit) Rene Rivera to second
|
Batting: RHB Andrew McCutchen
|
0-0: Called Strike 0-1: Ball 1-1: Swinging Strike 1-2: Ground out 5-3 (Groundball, 56S, EV 87.5 MPH)
|
Bottom of the 6th over - 4 runs, 6 hits, 0 errors, 2 left on base; Seattle 2 - Baltimore 4 |
TOP OF THE 7TH |
Seattle Mariners batting - Pitching for Baltimore Orioles : LHP Danny Duffy
|
Batting: RHB Willians Astudillo
|
0-0: SOLO HOME RUN (Flyball, 78XD, EV 96.3 MPH), Distance : 386 ft
|
Batting: RHB Matt Kemp
|
0-0: Called Strike 0-1: Ball 1-1: Ground out 1-3 (Groundball, 34S, EV 92.5 MPH)
|
Batting: LHB Rowdy Tellez
|
0-0: Ball 1-0: Ball 2-0: Called Strike 2-1: Foul Ball, location: 2F 2-2: Foul Ball, location: 2F 2-2: Ball 3-2: Strikes out swinging, 2-3 out at first.
|
Batting: SHB Anthony Santander
|
0-0: Called Strike 0-1: Called Strike 0-2: Ball 1-2: Ball 2-2: Ground out 6-3 (Groundball, 56, EV 91.3 MPH)
|
Top of the 7th over - 1 run, 1 hit, 0 errors, 0 left on base; Seattle 3 - Baltimore 4 |
BOTTOM OF THE 7TH |
Baltimore Orioles batting - Pitching for Seattle Mariners : LHP Clayton Kershaw
|
Batting: RHB Albert Almora
|
0-0: Called Strike 0-1: Ball 1-1: Swinging Strike 1-2: Ball 2-2: Strikes out swinging
|
Pitching: RHP John Brebbia
|
|
Batting: LHB Joey Votto
|
0-0: Ball 1-0: Swinging Strike 1-1: Foul Ball, location: 2F 1-2: Ball 2-2: Fly out, F5 (Popup, 5, EV 82.5 MPH)
|
Batting: RHB Maikel Franco
|
0-0: Foul Ball, location: 2F 0-1: Ball 1-1: Called Strike 1-2: Foul Ball, location: 2F 1-2: Foul Ball, location: 2F 1-2: Strikes out looking
|
Bottom of the 7th over - 0 runs, 0 hits, 0 errors, 0 left on base; Seattle 3 - Baltimore 4 |
TOP OF THE 8TH |
Seattle Mariners batting - Pitching for Baltimore Orioles : LHP Danny Duffy
|
Pitching: RHP Pedro Strop
|
|
Batting: RHB Jordy Mercer
|
0-0: Ground out 4-3 (Groundball, 4, EV 80.6 MPH)
|
Batting: LHB Ben Revere
|
0-0: Ball 1-0: Ball 2-0: Called Strike 2-1: Called Strike 2-2: Ball 3-2: Strikes out swinging
|
Batting: LHB Brandon Nimmo
|
0-0: Ball 1-0: Called Strike 1-1: Called Strike 1-2: Ball 2-2: Ground out 6-3 (Groundball, 6, EV 96.3 MPH)
|
Top of the 8th over - 0 runs, 0 hits, 0 errors, 0 left on base; Seattle 3 - Baltimore 4 |
BOTTOM OF THE 8TH |
Baltimore Orioles batting - Pitching for Seattle Mariners : RHP John Brebbia
|
Batting: SHB Asdrubal Cabrera
|
0-0: Swinging Strike 0-1: Ball 1-1: Ball 2-1: Fly out, F8 (Flyball, 78M, EV 96.3 MPH)
|
Batting: LHB Daniel Murphy
|
0-0: Ground out 4-3 (Groundball, 34D, EV 96.9 MPH)
|
Batting: RHB Matt Duffy
|
0-0: Ground out U3 (Groundball, 34, EV 101.3 MPH)
|
Bottom of the 8th over - 0 runs, 0 hits, 0 errors, 0 left on base; Seattle 3 - Baltimore 4 |
TOP OF THE 9TH |
Seattle Mariners batting - Pitching for Baltimore Orioles : RHP Pedro Strop
|
Pitching: LHP Justin Wilson
|
|
Now at 2B: Daniel Castro
|
|
Batting: RHB Manny Machado
|
0-0: Ball 1-0: Ball 2-0: Ground out 6-3 (Groundball, 56S, EV 81.9 MPH)
|
Batting: RHB Brian Dozier
|
0-0: Ball 1-0: Foul Ball, location: 2F 1-1: Ball 2-1: Foul Ball, location: 2F 2-2: Ball 3-2: Strikes out swinging
|
Batting: RHB Willians Astudillo
|
0-0: Ground out 6-3 (Groundball, 56, EV 98.1 MPH)
|
Top of the 9th over - 0 runs, 0 hits, 0 errors, 0 left on base; Seattle 3 - Baltimore 4 |
|